[Event "Championnat d'Europe de Blitz"]
[Date "2024.12.09"]
[White "Subelj, Jan"]
[Black "Manea, Alexandru"]
[WhiteElo "2526"]
[BlackElo "2272"]
[Round "12.31"]
[Result "1-0"]
[TimeControl "180+2"]

1. Nf3 Nf6 2. c4 b6 3. g3 Bb7 4. Bg2 g6 5. b3 Bg7 6. Bb2 O-O 7. O-O e6 8. Nc3 d5 9. cxd5 Nxd5 10. Qc2 c5 11. Nxd5 Bxd5 12. Bxg7 Kxg7 13. Qc3+ Qf6 14. Qxf6+ Kxf6 15. d4 Nd7 16. Rac1 Rac8 17. e4 Ba8 18. Rfd1 cxd4 19. Nxd4 Ke7 20. Nb5 a6 21. Na7 Rxc1 22. Rxc1 Nc5 23. b4 Nd3 24. Rc7+ Kf6 25. a3 g5 26. Nc8 Ke5 27. Nxb6 Bxe4 28. Nd7+ 1-0

[Site "Europe Echecs"]

[Event "Championnat d'Europe de Blitz"]
[Date "2024.12.09"]
[White "Maltsevskaya, Aleksandra"]
[Black "Laurusas, Tomas"]
[WhiteElo "2368"]
[BlackElo "2578"]
[Round "12.32"]
[Result "0-1"]
[TimeControl "180+2"]

1. e4 c5 2.
Nf3 e6 3. d4 cxd4 4. Nxd4 a6 5. Bd3 Qc7 6. Qe2 Bc5 7. Nb3 Be7 8. c4 d6 9. Nc3 Nd7 10. O-O b6 11. Nd4 Bb7 12. b3 Ngf6 13. Bb2 O-O 14. Rad1 Rab8 15. Kh1 Ne5 16. Bb1 Ng6 17. f4 e5 18. fxe5 dxe5 19. Nf5 Bc5 20. Nd5 Bxd5 21. exd5 Rfe8 22. Qf3 Qd8 23. d6 Re6 24. d7 Qc7 25. Nxg7 Kxg7 26. Bf5 Be7 27. Bxe6 fxe6 28. Qh3 Qc6 29. Bxe5 Nxe5 30. Qg3+ Nfg4 31. h3 Rd8 32. hxg4 Nxd7 33. Qc3+ Kg8 34. Qe3 Nf8 35.
Rxd8 Bxd8 36. Qf4 Qe8 37. Qd6 Qe7 38. Qxe7 Bxe7 39. g3 a5 40. Kg2 h6 41. Kf3 Kf7 42. Rd1 Ke8 43. Rh1 Bg5 44. Re1 Ke7 45. Re5 Nd7 46. Re2 Nc5 47. Re1 Bf6 48. Rh1 Bg7 49. Rd1 Bf6 50. Rh1 Bg5 51. Rd1 e5 52.
Rb1 e4+ 53. Ke2 Ne6 54. Rd1 Nc5 55. Rb1 Kd6 56. a3 Ke5 57. b4 axb4 58. Rxb4 Ne6 59. Rxb6 Nd4+ 60. Ke1 e3 61. c5 Bd8 62. Ra6 Ke4 63. Ra8 Bc7 64. Re8+ Kd3 65. Kf1 Ba5 66. c6 Nxc6 67. Kg2 Nd4 68. g5 hxg5 69. Kh3 e2 70. Kg4 Bd2 71. Rxe2 Kxe2 72. a4 Nb3 73. Kh3 Kf3 0-1

[Site "Europe Echecs"]

[Event "Championnat d'Europe de Blitz"]
[Date "2024.12.09"]
[White "Ghimpu, Samuel-Timotei"]
[Black "Saraci, Nderim"]
[WhiteElo "2475"]
[BlackElo "2431"]
[Round "12.33"]
[Result "1-0"]
[TimeControl "180+2"]

1. d4 d5 2.
Nf3 Nf6 3.
Bf4 Bf5 4.
e3 e6 5. Bd3 Bxd3 6. cxd3 c5 7. Qb3 Qb6 8. Nc3 Nc6 9. Nb5 Rc8 10. O-O cxd4 11. Nbxd4 Qxb3 12.
Nxb3 Be7 13.
a3 Nh5 14.
Bg5 f6 15.
Bh4 g5 16. Bg3 Kd7 17. Rfc1 b6 18. Kf1 g4 19. Nfd4 Nxd4 20. Nxd4 Ng7 21. f3 e5 22. Nb5 a6 23. Nc3 Ke6 24.
fxg4 h5 25.
gxh5 Rxh5 26. h3 Rg8 27. Bf2 Rg5 28. e4 dxe4 29. Nxe4 Rg6 30. Rc6+ Kf7 31. Rxb6 f5 32. Rxg6 Kxg6 33. Nc5 Bxc5 34. Bxc5 Ne6 35. Be3 f4 36.
Bf2 Kf5 37.
Rc1 Rd8 38.
Ke2 Rg8 39. Kf1 Rd8 40. Rc3 a5 41. b4 axb4 42. axb4 Rb8 43. Rb3 Nc7 44. Bc5 Nb5 45. Rb1 Ra8 46. Rc1 Ra3 47. Ke2 Ra2+ 48. Kf1 Rd2 49. Ra1 Rxd3 50. Ra5 Nc3 51.
Ra1 e4 52.
Bf2 e3 53.
Be1 Nb5 54. Ra5 Rd5 55. Ke2 Ke4 56. Ra8 Nd4+ 57. Kf1 Kd3 58. Rf8 Ke4 59. Re8+ Kd3 60. Rf8 Ne2 61. Ra8 Nc1 62. Rf8 Nb3 63. Rxf4 Nd2+ 64. Kg1 Rd8 65. Rf7 Ra8 66. Rd7+ Ke2 67. Bh4 Ra1+ 68. Kh2 Nf1 69. Kg1 Rb1 70. Bg5 Ng3+ 71. Kh2 Nf1 72. Kg1 Rxb4 73. h4 Rb1 74. Re7 Kd3 75. Rd7+ Ke4 76. Re7+ Kd3 77. Rd7+ Ke2 78. Re7 Rd1 79. h5 Ng3+ 80. Kh2 Nxh5 81. Rxe3+ Kf1 82. g4 Ng7 83. Re7 Rd5 84. Rxg7 1-0

[Site "Europe Echecs"]

[Event "Championnat d'Europe de Blitz"]
[Date "2024.12.09"]
[White "Meyer, Falko"]
[Black "Guliyev, Namig"]
[WhiteElo "2215"]
[BlackElo "2484"]
[Round "12.34"]
[Result "0-1"]
[TimeControl "180+2"]

1. d4 d5 2.
Nc3 Bf5 3.
Bf4 e6 4. e3 Bb4 5. Bd3 Bxc3+ 6.
bxc3 Bg6 7.
c4 Nd7 8.
cxd5 exd5 9.
c4 c5 10.
Nf3 Qa5+ 11.
Qd2 Qxd2+ 12. Kxd2 Bxd3 13. Kxd3 dxc4+ 14. Kxc4 cxd4 15. Nxd4 Rc8+ 16. Kb4 Ne7 17. Rac1 Nd5+ 18. Ka3 O-O 19. Bg3 N7b6 20. Rhd1 a6 21. Nf5 Rc4 22. Rxc4 Nxc4+ 23. Kb3 Na5+ 24. Kb2 Nb6 25. Bc7 Nbc4+ 26. Kb1 b5 27. Bxa5 Nxa5 28. Rd6 Ra8 29. Ne7+ Kf8 30. Nd5 Nc4 31. Rd7 h6 32. Kc2 a5 33. Rb7 b4 34. Kd3 Ne5+ 35.
Ke4 Ng4 36.
f3 Nxh2 37.
Nb6 Re8+ 38.
Kd3 Nf1 39.
e4 Rd8+ 40.
Ke2 Ng3+ 41.
Kf2 Nh5 42. Nd7+ Kg8 43. Ne5 Rd2+ 44. Ke3 Rxa2 45. Rb8+ Kh7 46. Nxf7 Rxg2 47. Ra8 Ra2 48. f4 Ra3+ 49. Kd4 Nxf4 50. Rh8+ Kg6 51. Ne5+ Kh5 52. Ra8 b3 53. Rb8 a4 54. Rb5 g5 55. Ra5 Ra1 56. Kc3 Ne2+ 57. Kd2 b2 0-1

[Site "Europe Echecs"]

[Event "Championnat d'Europe de Blitz"]
[Date "2024.12.09"]
[White "Mohammad, Fahim"]
[Black "Dragnev, Valentin"]
[WhiteElo "2196"]
[BlackElo "2563"]
[Round "12.35"]
[Result "0-1"]
[TimeControl "180+2"]

1. d4 d5 2.
c4 e6 3. Nf3 a6 4. e3 Nf6 5. Bd3 dxc4 6. Bxc4 b5 7. Bd3 Bb7 8. a4 b4 9. Nbd2 c5 10. O-O Nc6 11. Nb3 cxd4 12. Nbxd4 Nxd4 13. Nxd4 Bd6 14. Qe2 O-O 15. Rd1 Qc7 16. h3 Rfc8 17. e4 Nd7 18. Be3 Ne5 19. Rac1 Qa5 20. Bc2 Bf8 21. Nb3 Qc7 22. Bb1 Qe7 23. Kh1 h6 24. f4 Ng6 25. Qf2 Rxc1 26. Rxc1 Qd7 27. Nc5 Bxc5 28. Rxc5 Qxa4 29. Bc2 b3 30. Bb1 Bxe4 31. Bxe4 Qxe4 32. Rc7 a5 33. Kh2 a4 34. Bc5 Qxf4+ 35. Qxf4 Nxf4 36. Ba3 Nd5 37. Rb7 Ne3 38. Kg3 Nc4 39. Bc5 Nxb2 0-1

[Site "Europe Echecs"]

[Event "Championnat d'Europe de Blitz"]
[Date "2024.12.09"]
[White "Baskin, Robert"]
[Black "Tudor, Henry Edward"]
[WhiteElo "2442"]
[BlackElo "2375"]
[Round "12.36"]
[Result "0-1"]
[TimeControl "180+2"]

1. c4 Nf6 2.
g3 e6 3. Bg2 d5 4. Nf3 Be7 5. O-O O-O 6. b3 d4 7. e3 c5 8. Ne5 Qc7 9. f4 Nbd7 10. Nd3 e5 11. Na3 a6 12. Bb2 Re8 13. fxe5 Nxe5 14. Nxe5 Qxe5 15. Nc2 Bg4 16. Bf3 Bh3 17. exd4 cxd4 18. Bxd4 Bc5 19. Bxc5 Qxc5+ 20. d4 Qg5 21. Re1 h5 22. Bg2 Bg4 23. Qd3 Bf5 24. Qc3 h4 25. gxh4 Qxh4 26. Ne3 Be4 27. Re2 Rad8 28. Rf1 Qg5 29. Rff2 Bc6 30. d5 Ne4 31.
Qd4 Nxf2 32.
Rxf2 Qxe3 33. Qxe3 Rxe3 34. dxc6 Rd1+ 35. Rf1 Rxf1+ 36. Kxf1 bxc6 37. Bxc6 Rc3 38. Be4 Kf8 39. Ke2 Ke7 40. Bd3 Rc1 41. b4 Ra1 42. Ke3 Rxa2 43. h4 Rb2 44. b5 axb5 45. cxb5 Rb4 46. h5 Kd6 47. Kd2 Rh4 48. Be2 Kc5 49. Ke3 Rb4 50. Bd3 Kd5 51.
Be2 Ke5 52.
Kd2 Rb2+ 53.
Ke3 Rb3+ 54. Kd2 Kd4 55. Kc2 Rb4 56. Bf1 Kc5 57. Kc3 Rh4 58. Be2 Rh3+ 59. Kd2 Ra3 60. Bd3 Kd4 61. Be2 Ra2+ 62. Kd1 Rb2 63. Bf1 Rb1+ 64. Ke2 Rxb5 0-1

[Site "Europe Echecs"]

[Event "Championnat d'Europe de Blitz"]
[Date "2024.12.09"]
[White "Veljanoski, Andrej"]
[Black "Cvitan, Ognjen"]
[WhiteElo "2304"]
[BlackElo "2413"]
[Round "12.37"]
[Result "1/2-1/2"]
[TimeControl "180+2"]

1. e4 c5 2. Nf3 Nc6 3. d4 cxd4 4. Nxd4 e5 5. Nb5 d6 6. N1c3 a6 7. Na3 Be7 8. Nc4 b5 9. Ne3 Nf6 10. Bd3 O-O 11. O-O Nb4 12. a4 Nxd3 13. Qxd3 Bb7 14. Ncd5 Nxd5 15. Nxd5 Bxd5 16. Qxd5 b4 17. Bd2 a5 18. c3 bxc3 19. Bxc3 Qb6 20. Kh1 Rfc8 21. f4 Bf6 22. Rad1 Qc6 23. fxe5 dxe5 24. Bxe5 Qxd5 25.
Rxd5 Bxe5 26. Rxe5 Re8 27. Rff5 g6 28. Rxe8+ Rxe8 29. Rxa5 Rxe4 30. h3 Rb4 31. Rb5 Rxa4 32. Kh2 h5 1/2-1/2

[Site "Europe Echecs"]

[Event "Championnat d'Europe de Blitz"]
[Date "2024.12.09"]
[White "Krallis, Christos"]
[Black "Kiratzopoulos, Efthimios"]
[WhiteElo "2383"]
[BlackElo "2193"]
[Round "12.38"]
[Result "1/2-1/2"]
[TimeControl "180+2"]

1. e4 g6 2. d4 Bg7 3. Nc3 d6 4. Be3 c6 5. h4 h5 6. Nf3 Bg4 7. Be2 Nf6 8. e5 Nd5 9. Nxd5 cxd5 10. Ng5 Bxe2 11. Qxe2 dxe5 12. dxe5 e6 13. O-O-O Nc6 14. f4 Qa5 15. Kb1 Rc8 16. c3 Bh6 17. g4 Bxg5 18. hxg5 Qa4 19. Bd4 h4 20. f5 Nxd4 21. Rxd4 Rc4 22. Qf2 Rxd4 23. cxd4 exf5 24.
gxf5 gxf5 25. Rc1 Qd7 26. g6 fxg6 27. e6 Qxe6 28. Re1 Qe4+ 29. Rxe4+ dxe4 30. Qh2 Kd7 31. Qe5 Rh7 32. d5 Re7 33. Qf6 e3 34. d6 Re6 35. Qf7+ Kxd6 36. Qf8+ Kd7 37. Qf7+ Re7 38. Qd5+ Kc8 39.
Qc5+ Kd8 40. Qd5+ Kc7 41. Qc5+ Kd7 42. Qd5+ Ke8 43. Qg8+ Kd7 44. Qd5+ 1/2-1/2

[Site "Europe Echecs"]

[Event "Championnat d'Europe de Blitz"]
[Date "2024.12.09"]
[White "Janik, Igor"]
[Black "Ribeiro, Rodrigo"]
[WhiteElo "2515"]
[BlackElo "2143"]
[Round "12.39"]
[Result "1/2-1/2"]
[TimeControl "180+2"]

1. b3 c5 2. Bb2 Nc6 3. g3 b6 4. Bg2 Bb7 5. c4 e6 6. Nc3 Nf6 7. Nf3 d5 8. cxd5 Nxd5 9. O-O Nf6 10. d4 Nxd4 11. Nxd4 Bxg2 12. Nxe6 Qxd1 13. Rfxd1 fxe6 14. Kxg2 Be7 15. Nb5 Kf7 16. Nd6+ Bxd6 17. Rxd6 Ke7 18. Rdd1 Rhd8 19. Kf3 Rd5 20. e4 Rdd8 21. h3 g6 22. Ke3 Ne8 23. Be5 Rac8 24. h4 Nd6 25. h5 Nf7 26. Bc3 Rxd1 27. Rxd1 Rd8 28. Rg1 b5 29. hxg6 hxg6 30. Rh1 c4 31. bxc4 bxc4 32. Bd4 a6 33. Rc1 Rc8 34. Bc3 e5 35. Rb1 Rc6 36. Rb7+ Ke6 37.
Rb8 Rd6 38.
Bb4 Rd3+ 39.
Ke2 a5 40. Rb6+ Kd7 41. Bc5 Rc3 42. a3 Ng5 43. Rd6+ Kc7 44. Rxg6 Nxe4 1/2-1/2

[Site "Europe Echecs"]

[Event "Championnat d'Europe de Blitz"]
[Date "2024.12.09"]
[White "Veleski, Robert"]
[Black "Vuckovic, Zarko"]
[WhiteElo "2093"]
[BlackElo "2334"]
[Round "12.40"]
[Result "0-1"]
[TimeControl "180+2"]

1. d4 Nf6 2. Nf3 d5 3. c4 e6 4. g3 Bb4+ 5. Bd2 Bd6 6. Nc3 c6 7. Bg2 Nbd7 8. O-O O-O 9. Qb3 b6 10. a4 a5 11. Rfe1 Ba6 12. cxd5 exd5 13. Rac1 Re8 14. Bg5 h6 15. Bxf6 Nxf6 16. e3 Rc8 17. Bf1 Bb7 18. Bd3 Bb4 19. Red1 c5 20. Bb5 Re6 21. Ne2 Ne4 22. Nf4 Rd6 23. Rc2 Qf6 24. Kg2 g5 25. Nh5 Qf5 26. h3 Rcd8 27. g4 Qe6 28. Ng3 Nxg3 29. Kxg3 c4 30. Qa2 Qe4 31. Qb1 Rf6 32.
Ne5 Bd6 33.
Rcd2 Bxe5+ 34. dxe5 Qxe5+ 35. Kg2 d4+ 36. Kg1 Kg7 37. Rxd4 Rxd4 38.
Rxd4 Rf3 39. Qf1 Qe6 40. Bxc4 Qe5 41. Be2 Rf6 42. Qd1 Qc5 43. Rc4 Qe7 44. Qd4 Kf8 45. Bd3 Kg8 46. Bf5 Rd6 47. Qc3 Rd1+ 48. Kh2 Qd6+ 49. f4 Rd2+ 50.
Kg1 Rd1+ 51.
Kf2 Qd2+ 52.
Qxd2 Rxd2+ 53. Ke1 Rxb2 54. Rc7 Bg2 55. fxg5 hxg5 56. h4 gxh4 57.
g5 h3 58. g6 fxg6 59. Bxg6 h2 60. Rh7 h1=Q+ 0-1

[Site "Europe Echecs"]

[Event "Championnat d'Europe de Blitz"]
[Date "2024.12.09"]
[White "Radovanovic, Dusan"]
[Black "Stankovic, Milos"]
[WhiteElo "2274"]
[BlackElo "2462"]
[Round "12.41"]
[Result "1/2-1/2"]
[TimeControl "180+2"]

1. e4 e6 2.
d4 d5 3. Nc3 Nf6 4. Bg5 dxe4 5. Nxe4 Be7 6. Bxf6 gxf6 7. Nf3 f5 8. Nc3 c6 9. Qd2 Qc7 10. g3 Nd7 11. Bg2 h5 12. h4 b6 13. O-O-O Bb7 1/2-1/2

[Site "Europe Echecs"]

[Event "Championnat d'Europe de Blitz"]
[Date "2024.12.09"]
[White "Dinev, Dejan"]
[Black "Nikolovski, Nikola"]
[WhiteElo "2209"]
[BlackElo "2407"]
[Round "12.42"]
[Result "0-1"]
[TimeControl "180+2"]

1. e4 d5 2.
exd5 Qxd5 3.
Nc3 Qa5 4.
Nf3 Nf6 5.
Bc4 Bg4 6.
O-O e6 7. d4 Nc6 8. Nb5 a6 9. Nc3 O-O-O 10.
Be3 Bxf3 11.
gxf3 Qh5 12.
Ne4 Nd5 13.
Ng3 Qh3 14.
Qe2 Bd6 15.
Bd3 h5 16.
Rfe1 h4 17.
Nf1 Nxd4 18.
Bxd4 Nf4 19. Ne3 Nxe2+ 20. Rxe2 0-1

[Site "Europe Echecs"]

[Event "Championnat d'Europe de Blitz"]
[Date "2024.12.09"]
[White "Biljanic, Ljubomir"]
[Black "Mohr, Georg"]
[WhiteElo "2130"]
[BlackElo "2385"]
[Round "12.43"]
[Result "0-1"]
[TimeControl "180+2"]

1. d4 Nf6 2. c4 e5 3. dxe5 Ng4 4. Nf3 Bc5 5. e3 Nc6 6. Be2 O-O 7. Nbd2 Re8 8. Nb3 Bf8 9. O-O a5 10. Nbd4 Ngxe5 11. b3 Nxf3+ 12.
Nxf3 a4 13.
Bb2 b6 14.
Nd4 Ne5 15.
Nf3 Ng6 16.
Nd4 Bb7 17.
Bf3 Bxf3 18.
Qxf3 Ne5 19.
Qg3 d6 20.
Bc3 Qd7 21.
Nf3 Nd3 22.
Rad1 Nc5 23.
b4 Ne4 0-1

[Site "Europe Echecs"]

[Event "Championnat d'Europe de Blitz"]
[Date "2024.12.09"]
[White "Martins, Diogo Faria Oliveira"]
[Black "Domingo Nunez, Ruben"]
[WhiteElo "1961"]
[BlackElo "2409"]
[Round "12.44"]
[Result "1/2-1/2"]
[TimeControl "180+2"]

1. e4 g6 2.
d4 Bg7 3. Nf3 c6 4. c4 d5 5. cxd5 cxd5 6. e5 Nc6 7. Nc3 Bg4 8. Be3 f6 9. Qb3 Qd7 10. Qxd5 Qxd5 11. Nxd5 O-O-O 12. exf6 exf6 13. Bc4 Na5 14. Rc1 Nc6 15. Nf4 Kd7 16. d5 Bxf3 17. dxc6+ Bxc6 18. O-O Kc8 19. Ne6 Rd7 20. Nxg7 Rxg7 21. b4 Kd8 22. Bxa7 Nh6 23. b5 Bd7 24. Bb6+ Ke8 25. Rfe1+ Re7 26. Rxe7+ Kxe7 27. Bc5+ Kd8 28. f3 Nf5 29. Rd1 Re8 30. Kf2 Kc8 31. a4 Kc7 32. a5 Re5 33.
b6+ Kc8 34.
Bb4 Ne3 35.
Rc1 Bc6 36.
a6 Kb8 37.
a7+ Ka8 38. Bd6 Nxc4 39. Rxc4 Rb5 40. Bc7 Rd5 41. Kg3 Rg5+ 42. Kf2 Rd5 43. h4 h5 44. Kg3 Rd7 45. Rc3 Re7 46. Rd3 Re8 47. Rd6 Rf8 48. Re6 Bd5 49. Re7 Bc6 50.
Bf4 Rg8 51. Re6 g5 52. hxg5 fxg5 53. Be5 h4+ 54. Kh2 Bd5 55. Re7 Bc6 56. Rg7 Rf8 57. Rxg5 h3 58. f4 hxg2 59. Kg1 Rd8 60. Rxg2 Rd1+ 61. Kh2 Bxg2 62. Kxg2 Rb1 63.
Kf3 Rxb6 64.
Kg4 Rb5 65.
Bb8 Rd5 66. f5 b5 67. f6 Rd7 68. Kf5 b4 69. Be5 Rxa7 70. Kg6 Ra6 71. Kg7 Ra2 72. f7 Rg2+ 73. Kh7 Rf2 74. Kg8 Rg2 75. Kh7 Rf2 76. Kg7 Rg2+ 77. Kf6 Rf2+ 78. Ke7 Rxf7+ 79. Kxf7 Kb7 80. Bf6 Kc6 81. Bg7 Kd5 82. Bf6 Kc4 83. Bg7 Kd3 84. Bf6 Kc2 85. Bg7 Kd2 86. Bf6 Ke3 87. Ke6 Ke4 88. Bg7 Kf4 89. Be5+ Kg5 90. Bb2 Kf4 91. Kd5 Ke3 92. Kc4 b3 93. Kxb3 1/2-1/2

[Site "Europe Echecs"]

[Event "Championnat d'Europe de Blitz"]
[Date "2024.12.09"]
[White "Kizov, Atanas"]
[Black "Gaponenko, Inna"]
[WhiteElo "2396"]
[BlackElo "2343"]
[Round "12.45"]
[Result "1/2-1/2"]
[TimeControl "180+2"]

1. d4 d5 2. c4 dxc4 3. Nf3 Nf6 4. e3 e6 5. Bxc4 c5 6. O-O Nc6 7. a3 a6 8. Nc3 b5 9. Ba2 Bb7 10. Qe2 Be7 11. Rd1 Qc7 12. d5 exd5 13. Nxd5 Nxd5 14. Bxd5 O-O 15. e4 Rad8 16. Be3 Na5 17. Bxb7 Qxb7 18. Bf4 Nb3 19. Rab1 c4 20. e5 Qc6 21. h4 Rxd1+ 22. Rxd1 Rd8 23. Bg5 Bxg5 24. Nxg5 Nd4 25. Qh5 Qg6 26. Qxg6 hxg6 27. Kf1 Ne6 28. Rxd8+ Nxd8 29. Ke2 Nc6 30. f4 f6 31. Nf3 Kf7 32. Ke3 Ke6 33. Ke4 f5+ 34. Ke3 Kd5 35.
Nh2 a5 36.
g4 b4 37.
axb4 axb4 38. gxf5 gxf5 39. Nf3 Ne7 40. h5 Ng8 41. Nd4 Nh6 42. Nc2 Ng4+ 43. Kf3 Kc5 44. Ne3 Nxe3 45. Kxe3 Kd5 46. Kd2 Kc6 47. Kc2 Kd5 48. Kd2 Kc6 49.
Kc2 Kd5 50.
Kd2 Kc6 51. Kc2 1/2-1/2

[Site "Europe Echecs"]

[Event "Championnat d'Europe de Blitz"]
[Date "2024.12.09"]
[White "Trushko, Andrii"]
[Black "Zawadzka, Jolanta"]
[WhiteElo "2143"]
[BlackElo "2331"]
[Round "12.46"]
[Result "1-0"]
[TimeControl "180+2"]

1. d4 d5 2.
Bf4 Nf6 3. e3 c5 4. c3 Nc6 5. Nd2 cxd4 6. exd4 Bf5 7. Ngf3 e6 8. h3 Bd6 9. Bxd6 Qxd6 10. Bb5 O-O 11. O-O h6 12. Re1 Nd7 13. Nb3 Bh7 14. Qd2 a6 15. Bxc6 Qxc6 16. Ne5 Nxe5 17. dxe5 Rac8 18. Nd4 Qc7 19. Re3 Kh8 20. Rf1 b5 21. a3 Qc4 22. Rg3 a5 23. f4 Rb8 24. f5 exf5 25. Qe3 b4 26. axb4 axb4 27. e6 fxe6 28. Qe5 Rb7 29.
Nxe6 Rg8 30.
Rf4 Qb3 31.
Rh4 Qd1+ 32.
Kh2 Qd2 33.
cxb4 Re7 34.
Qd6 Rf7 35.
Nf4 Rf6 36.
Qe5 Rgf8 37.
Nh5 f4 38.
Rxg7 Qe3 39.
Rxh7+ Kxh7 40. Nxf6+ Rxf6 41. Qc3 d4 42. Qc7+ Kg6 43. Rg4+ Kf5 44. Qc5+ Ke4 45. Rg8 Re6 46. Qc4 Ke5 47. b5 d3 48. Qc3+ Ke4 49. Qc4+ Ke5 50. Qc3+ Ke4 51. Rg4 d2 52. Qc4+ Ke5 53. Qc2 Rd6 54. Qd1 Qe1 55. Qf3 Qe4 56. Qd1 Kf5 57. Rh4 Ke5 58. Rh5+ Ke6 59. Rxh6+ Kd7 60. Rxd6+ Kxd6 61.
Qxd2+ Kc5 62. Qc3+ Kxb5 63. Qf3 Qf5 64. h4 Kb4 65. h5 Qg5 66. Qh3 Qh6 67. Qg4 Kb3 68. Qg6 Qh8 69. h6 Qd8 70. Qh5 Qd3 71. Qh3 1-0

[Site "Europe Echecs"]

[Event "Championnat d'Europe de Blitz"]
[Date "2024.12.09"]
[White "Aizenberg, Benny"]
[Black "Todorovic, Goran N"]
[WhiteElo "2425"]
[BlackElo "2256"]
[Round "12.47"]
[Result "1-0"]
[TimeControl "180+2"]

1. e4 Nc6 2. d4 d5 3. Nc3 Nf6 4. e5 Ng8 5. f4 Bf5 6. Nf3 e6 7. Bd3 Bxd3 8. Qxd3 Nh6 9. Ne2 Nf5 10. c3 h5 11. Ng3 Nce7 12. Qb5+ c6 13. Qxb7 g6 14. b3 Bh6 15. Nxf5 gxf5 16. Ba3 Rb8 17. Qxa7 Rc8 18. Qxe7+ Qxe7 19. Bxe7 Kxe7 20. g3 c5 21. Kd2 Kd7 22. Kd3 c4+ 23. Kd2 h4 24. b4 Rcg8 25. Ke2 hxg3 26. hxg3 Rxg3 27. Rh2 Bg7 28. Rxh8 Bxh8 29. Kf2 Rg8 30. a4 Bg7 31. Rg1 Ke7 32. a5 f6 33. a6 Kf7 34. exf6 Kxf6 35. Ne5 1-0

[Site "Europe Echecs"]

[Event "Championnat d'Europe de Blitz"]
[Date "2024.12.09"]
[White "Nikolaev, Georgi"]
[Black "Pacher, Milan"]
[WhiteElo "2032"]
[BlackElo "2310"]
[Round "12.48"]
[Result "0-1"]
[TimeControl "180+2"]

1. e4 e5 2. Nf3 Nc6 3. d4 exd4 4. Bc4 Nf6 5. e5 d5 6. Bb5 Ne4 7. Nxd4 Bd7 8. Bxc6 bxc6 9. O-O Bc5 10. f3 Ng5 11. f4 Ne4 12. Be3 O-O 13. Nd2 Nxd2 14. Qxd2 Bb6 15. Nb3 Qe7 16. Qc3 f6 17. Bc5 fxe5 18. fxe5 Rxf1+ 19. Rxf1 Re8 20. a4 a5 21. Qe3 h6 22. Bxb6 cxb6 23. Qxb6 Qxe5 24. Qf2 Kh7 25. c3 Qg5 26. Nxa5 d4 27. Nb3 d3 28. Re1 c5 29. Rxe8 Bxe8 30. Qd2 Qd5 31. Nc1 c4 32. a5 Qxa5 33. Nxd3 Qd5 34. Qe3 cxd3 35. c4 Qxc4 36. Qxe8 Qd4+ 37. Kf1 d2 0-1

[Site "Europe Echecs"]

[Event "Championnat d'Europe de Blitz"]
[Date "2024.12.09"]
[White "Diermair, Andreas"]
[Black "Avramidou, Anastasia"]
[WhiteElo "2433"]
[BlackElo "2298"]
[Round "12.49"]
[Result "1-0"]
[TimeControl "180+2"]

1. d4 Nf6 2. Nf3 g6 3. g3 Bg7 4. Bg2 O-O 5. O-O d5 6. c4 Nc6 7. cxd5 Nxd5 8. Nc3 Nxc3 9. bxc3 e5 10. e3 Re8 11. Rb1 e4 12. Nd2 f5 13. f3 exf3 14. Nxf3 h6 15. Nh4 Kh7 16. Qc2 Qd6 17. e4 fxe4 18. Bxe4 Ne7 19. Bf4 Qa6 20. Rfe1 Rf8 21. Bd3 Qf6 22. Rxe7 Qxe7 23.
Nxg6 Qf6 24.
Nxf8+ Kg8 25. Ng6 Be6 26. Be5 Qf7 27. Rf1 Qd7 28. Bxg7 Qxg7 29. Nf4 Bf7 30. Bg6 Bc4 31. Re1 Rf8 32. Qe4 Kh8 33. Ne6 Bxe6 34. Qxe6 c5 35. Qe5 cxd4 36. cxd4 Rd8 37. d5 b5 38. Qe8+ 1-0

[Site "Europe Echecs"]

[Event "Championnat d'Europe de Blitz"]
[Date "2024.12.09"]
[White "Narva, Mai"]
[Black "Ochedzan, Tymon"]
[WhiteElo "2413"]
[BlackElo "2247"]
[Round "12.50"]
[Result "0-1"]
[TimeControl "180+2"]

1. e4 e6 2. d4 d5 3. Nc3 Nf6 4. Bg5 Bb4 5. e5 h6 6. Bc1 Ne4 7. Nge2 Bd7 8. a3 Nxc3 9. Nxc3 Be7 10. Be3 O-O 11. Bd3 c5 12. Qg4 Kh8 13. dxc5 Nc6 14. Bd4 Qc7 15. Nb5 Qd8 16. Nd6 b6 17. cxb6 Bxd6 18. O-O Bxe5 19. c3 Bxd4 20. cxd4 e5 21. Qg3 e4 22. Bb5 Nxd4 23. Ba6 Qxb6 24. Rfd1 Nf5 0-1

[Site "Europe Echecs"]

[Event "Championnat d'Europe de Blitz"]
[Date "2024.12.09"]
[White "Alienkin, Aleksander"]
[Black "Redzisz, Michal"]
[WhiteElo "2337"]
[BlackElo "2263"]
[Round "12.51"]
[Result "1-0"]
[TimeControl "180+2"]

1. d4 Nf6 2. Nf3 d5 3. c4 e6 4. g3 dxc4 5. Qa4+ Nbd7 6. Bg2 a6 7. Qxc4 c5 8. O-O b5 9. Qc2 Bb7 10. a4 Be4 11. Qd1 b4 12. Nbd2 Bb7 13. Nc4 Rc8 14. Bf4 cxd4 15. Qxd4 Nd5 16. Nd6+ Bxd6 17. Bxd6 N7b6 18. Qxg7 Qf6 19. Qxf6 Nxf6 20. Bxb4 Rc4 21. Bc3 Ke7 22. Nd2 Rc7 23. Bxb7 Rxb7 24. Ne4 Nbd5 25. Be5 Rd8 26. Nxf6 Nxf6 27. Rfd1 Nd5 28. e4 Nb6 29. Bf6+ Kxf6 30. Rxd8 Nc4 31.
Ra8 a5 32.
Rc1 Nd2 33.
e5+ Kxe5 34.
Rxa5+ Ke4 35. Re1+ Kd3 36. Re3+ Kd4 37. Rb5 Rc7 38. a5 Rc1+ 39. Kg2 Nc4 40. Rc3 Ra1 41. Rb4 1-0

[Site "Europe Echecs"]

[Event "Championnat d'Europe de Blitz"]
[Date "2024.12.09"]
[White "Zlatkov, Anton"]
[Black "Upleger, Martin"]
[WhiteElo "2324"]
[BlackElo "2297"]
[Round "12.52"]
[Result "1-0"]
[TimeControl "180+2"]

1. c4 Nf6 2.
Nc3 d5 3. cxd5 Nxd5 4. Nf3 e6 5. g3 Be7 6. Bg2 O-O 7. d4 c5 8. O-O Nxc3 9. bxc3 Nc6 10. e4 b6 11. d5 exd5 12. exd5 Na5 13. Re1 Bd6 14. Ng5 Bf5 15. Be4 Bxe4 16. Nxe4 h6 17. Nxd6 Qxd6 18. Bf4 Qd7 19. Qd3 Rfe8 20. d6 Rad8 21. h4 Re6 22. Qd5 Qc6 23. Qf5 Rf6 24. Qe4 Qxe4 25. Rxe4 Re6 26. Rxe6 fxe6 27. Rd1 Rd7 28. Be5 Nc6 29. f4 Kf7 30. Kg2 Kg6 31. g4 h5 32. Kf3 hxg4+ 33. Kxg4 Nb8 34. h5+ Kf7 35. Kf3 Rd8 36. Rg1 Rg8 37. Ke4 Nd7 38. c4 a6 39. a4 Nb8 40. f5 exf5+ 41. Kxf5 Nd7 42. Bc3 Nb8 43. Re1 Nc6 44. Rg1 Nb8 45. Ke5 Rh8 46. Ke4 Rxh5 47. Rxg7+ Ke6 48. Rg6+ Kd7 49. Be5 Nc6 50. Rg7+ Ke6 51.
Bf4 Rh1 52.
Rc7 Re1+ 53.
Kf3 Na5 54. Re7+ Kf6 55. Rxe1 1-0

[Site "Europe Echecs"]

[Event "Championnat d'Europe de Blitz"]
[Date "2024.12.09"]
[White "Vidikjevski, Vancho"]
[Black "Tsolakidou, Stavroula"]
[WhiteElo "1800"]
[BlackElo "2451"]
[Round "12.53"]
[Result "0-1"]
[TimeControl "180+2"]

1. e4 e6 2. Nf3 d5 3. exd5 exd5 4. d4 c5 5. c3 Nf6 6. Bd3 Nc6 7. h3 c4 8. Bc2 Bd6 9. O-O O-O 10. Re1 h6 11. Nbd2 Be6 12. Nf1 Qc7 13. Ne3 Rfe8 14. Nf5 Bf8 15. Ng3 b5 16. a3 a5 17. Be3 b4 18. axb4 axb4 19. Qd2 b3 20. Bf5 Bd6 21. Bxe6 fxe6 22. Nf1 Ne4 23. Qc1 Ra2 24. Rxa2 bxa2 25. N3d2 Nf6 26. Qa1 Ra8 27. Nf3 Qa5 28. Bd2 Ne4 29. Rd1 Qa4 30. Rc1 Na5 31. b4 Nb3 32. Qb2 Nxc1 0-1

[Site "Europe Echecs"]

[Event "Championnat d'Europe de Blitz"]
[Date "2024.12.09"]
[White "Sarana, Alexey"]
[Black "Mamedov, Rauf"]
[WhiteElo "2674"]
[BlackElo "2656"]
[Round "13.2"]
[Result "1-0"]
[TimeControl "180+2"]

1. d4 d5 2. c4 e6 3. Nc3 c5 4. Nf3 cxd4 5. Nxd4 e5 6. Ndb5 a6 7. Qa4 Bd7 8. cxd5 Nf6 9. e4 Bc5 10. Be3 Bxe3 11. Nd6+ Kf8 12. Qa3 Bxf2+ 13. Kxf2 Kg8 14. Be2 Qb6+ 15. Ke1 Ng4 16. Rf1 Ne3 17. Nc4 Nxc4 18. Bxc4 Qe3+ 19. Be2 Qg5 20. Qd6 h5 21. Qc7 Rh6 22. Qxb7 Qh4+ 23. Rf2 Qxh2 24. Qxa8 Rb6 25. Qa7 Rxb2 26. Nd1 Rb4 27. Qe3 Bb5 28. Bxb5 axb5 29. a3 Rd4 30. Rc1 Nd7 31. Qf3 Nf6 32. Nc3 Ng4 33. Qxf7+ Kh7 34. Qf5+ Kh6 35. Qf3 Qh4 36. g3 Qg5 37. Rcc2 Ne3 38. Rfe2 Rd3 39. Qf2 Nxc2+ 40. Rxc2 Rxg3 41. Ne2 Rxa3 42. Rc6+ g6 1-0

[Site "Europe Echecs"]

[Event "Championnat d'Europe de Blitz"]
[Date "2024.12.09"]
[White "Santos Latasa, Jaime"]
[Black "Jobava, Baadur"]
[WhiteElo "2628"]
[BlackElo "2578"]
[Round "13.3"]
[Result "0-1"]
[TimeControl "180+2"]

1. e4 d6 2.
d4 Nf6 3.
Nc3 e5 4. Nf3 Nbd7 5. Bc4 Be7 6. a4 O-O 7. O-O c6 8. h3 h6 9. Re1 a5 10. Be3 Re8 11. Ba2 Qc7 12. dxe5 dxe5 13. Nh4 Bc5 14. Bxh6 gxh6 15. Qf3 Qd6 16. Qg3+ Kh7 17. Bxf7 Nf8 18. Ng6 Nh5 19. Qf3 Nxg6 20. Bxe8 Nhf4 21. Rad1 Qf6 22. Bd7 Nh4 23. Qg4 h5 24. Qg3 Nfxg2 25. Bxc8 Rxc8 26. Rd7+ Kh8 27. Red1 Rg8 28. Rd8 Bf8 0-1

[Site "Europe Echecs"]